[Event "*** Titled Tuesday Blitz"]
[Site "Chess.com"]
[Date "2021.04.06"]
[Round "8"]
[White "Genghis_K"]
[Black "Kobalia"]
[Result "1-0"]
[WhiteElo "2948"]
[BlackElo "2775"]
[TimeControl "180+1"]
[EndTime "11:27:04 PDT"]
[Termination "Genghis_K won on time"]

1. e4 c6 2. Nf3 d5 3. Nc3 Bg4 4. h3 Bxf3 5. Qxf3 e6 6. Be2 Nf6 7. O-O Bb4 8. e5 Nfd7 9. Qg3 O-O 10. d4 f5 11. Bh6 Qe7 12. Bh5 Rc8 13. Bg5 Qf8 14.
Ne2 c5 15. c3 Ba5 16. Nf4 Rc6 17. c4 dxc4 18. d5 exd5 19. e6 Nf6 20. Bf7+ Kh8 21. Qh4 1-0

[Event "*** Titled Tuesday Blitz"]
[Site "Chess.com"]
[Date "2021.04.06"]
[Round "8"]
[White "LileKoridze"]
[Black "Darius321"]
[Result "1-0"]
[WhiteElo "2454"]
[BlackElo "2269"]
[TimeControl "180+1"]
[EndTime "11:27:04 PDT"]
[Termination "LileKoridze won by checkmate"]

1. d4 d5 2. c4 e6 3. Nc3 c5 4. cxd5 cxd4 5. Qxd4 Nc6 6. Qd1 exd5 7. Nxd5 Nf6 8. Nxf6+ Qxf6 9. e3 Bb4+ 10. Bd2 Qxb2 11. Nf3 O-O 12. Rb1 Bxd2+ 13. Nxd2 Qxa2 14. Bc4 Qa5 15. O-O Rd8 16. Qf3 Ne5 17. Qh5 Bg4 18. Bxf7+ Kh8 19.
Qg5 Rxd2 20. f4 Nf3+ 21. gxf3 Qxg5 22. fxg5 Bh3 23. Rf2 Rad8 24. Rxd2 Rxd2 25. Rxb7 Rg2+ 26. Kh1 g6 27. Bc4 Rc2 28. Rb8+ Kg7 29. Rg8# 1-0

[Event "*** Titled Tuesday Blitz"]
[Site "Chess.com"]
[Date "2021.04.06"]
[Round "8"]
[White "NiranjanNavalgund"]
[Black "TigranMukhutdinov"]
[Result "1-0"]
[WhiteElo "2509"]
[BlackElo "2591"]
[TimeControl "180+1"]
[EndTime "11:27:14 PDT"]
[Termination "NiranjanNavalgund won by resignation"]

1. e4 c5 2. d4 cxd4 3. c3 dxc3 4.
Nf3 Nc6 5. Bc4 d6 6. O-O a6 7. Nxc3 Nf6 8. e5 dxe5 9. Qxd8+ Nxd8 10. Nxe5 Be6 11. Bf4 Bxc4 12. Nxc4 Ne6 13. Nb6 Rd8 14. Bg3 Nd7 15. Nbd5 f6 16. Rfe1 Kf7 17. Rad1 Rc8 18. Rxe6 Kxe6 19. Nf4+ Kf7 20. Rxd7 g5 21. Nfd5 h5 22.
Rxb7 h4 23. Bc7 g4 24. Bd6 Rh5 25. Bxe7 Rxd5 26. Bc5+ Ke6 27. Nxd5 Kxd5 28. Be3 f5 29. Kf1 Bd6 30. g3 h3 31. Rb6 Be5 32. Rxa6 Ke4 33. Re6 Rd8 34. Ke2 Rb8 35. Rxe5+ 1-0

[Event "*** Titled Tuesday Blitz"]
[Site "Chess.com"]
[Date "2021.04.06"]
[Round "8"]
[White "albi1999"]
[Black "Marianov_Podstavnikov"]
[Result "0-1"]
[WhiteElo "2590"]
[BlackElo "2404"]
[TimeControl "180+1"]
[EndTime "11:27:17 PDT"]
[Termination "Marianov_Podstavnikov won by resignation"]

1. d4 Nf6 2. c4 e6 3. Nf3 d5 4. g3 Be7 5. Bg2 O-O 6. Qb3 c5 7. dxc5 Bxc5 8. cxd5 Nxd5 9. O-O Nc6 10. a3 Qe7 11.
Rd1 Rd8 12. Nbd2 Bd7 13. Nc4 Be8 14. Bd2 Rac8 15. Rac1 Nd4 16. Nxd4 Bxd4 17. e4 Nb6 18. Be3 Bxe3 19. Nxe3 Rxd1+ 20. Rxd1 Ba4 21. Qd3 Bxd1 22. Qxd1 Rd8 23. Qb3 Qc5 24. h4 Rd2 25. a4 Qc1+ 26. Kh2 Qxb2 0-1

[Event "*** Titled Tuesday Blitz"]
[Site "Chess.com"]
[Date "2021.04.06"]
[Round "8"]
[White "northridgehawk"]
[Black "InitiatingASC"]
[Result "0-1"]
[WhiteElo "2307"]
[BlackElo "2431"]
[TimeControl "180+1"]
[EndTime "11:27:17 PDT"]
[Termination "InitiatingASC won by resignation"]

1. e4 c5 2. Nf3 Nc6 3. d4 cxd4 4.
Nxd4 Nf6 5. Nc3 e5 6. Ndb5 h6 7. Nd5 Nxd5 8. exd5 a6 9. dxc6 axb5 10. cxb7 Bxb7 11. c3 Bc6 12. Be3 b4 13. Qh5 Qa5 14.
Bd2 bxc3 15. bxc3 g6 16. Qh3 Bg7 17. Be2 O-O 18. O-O Kh7 19. Rfd1 f5 20. Bc4 f4 21. Bb3 e4 22. Be1 Rae8 23. Rd6 Qc5 24. Rad1 e3 25. Bc2 Rf6 26. Rxf6 Bxf6 27. Qg4 Qg5 28. Qxg5 hxg5 29. fxe3 Rxe3 30. Bd2 Re2 31. Kf1 Rxg2 32. Be1 Rxc2 0-1

[Event "*** Titled Tuesday Blitz"]
[Site "Chess.com"]
[Date "2021.04.06"]
[Round "8"]
[White "lucachess49"]
[Black "Chamal_Gedgafov"]
[Result "1-0"]
[WhiteElo "2414"]
[BlackElo "2203"]
[TimeControl "180+1"]
[EndTime "11:27:18 PDT"]
[Termination "lucachess49 won by resignation"]

1. d4 Nf6 2. c4 e6 3. Nc3 Bb4 4. e3 c5 5. Ne2 cxd4 6. exd4 O-O 7. a3 Be7 8. d5 d6 9. Ng3 e5 10. Be2 Nbd7 11. O-O a5 12. Be3 b6 13. Nf5 Nc5 14.
Nxe7+ Qxe7 15. b4 axb4 16. axb4 Rxa1 17. Qxa1 Nb3 18. Qd1 Nd4 19. Bxd4 exd4 20. Qxd4 Qe5 21. Qxe5 dxe5 22. c5 bxc5 23. bxc5 Rd8 24. Bc4 Kf8 25.
Rb1 Bf5 26. Rb7 Ne4 27. Nxe4 Bxe4 28. c6 Bxd5 29. c7 Ra8 30. Rb8+ Ke7 31. Rxa8 1-0

[Event "*** Titled Tuesday Blitz"]
[Site "Chess.com"]
[Date "2021.04.06"]
[Round "8"]
[White "Nils_03"]
[Black "Brave_spirit12"]
[Result "1-0"]
[WhiteElo "2406"]
[BlackElo "2548"]
[TimeControl "180+1"]
[EndTime "11:27:19 PDT"]
[Termination "Nils_03 won by resignation"]

1. d4 Nf6 2. c4 c5 3. d5 b5 4.
cxb5 a6 5. bxa6 Bxa6 6. Nc3 d6 7.
Nf3 g6 8. g3 Bg7 9. Bg2 O-O 10.
Rb1 Nbd7 11. O-O Qb6 12. Qc2 Rfb8 13. Re1 Ng4 14. Nd2 c4 15. Rf1 Bd4 16. Nde4 f5 17. h3 fxe4 18. hxg4 e3 19. f4 Nf6 20. Bf3 Bc8 21. g5 Bf5 22. Ne4 Nxd5 23. Qxc4 Ra5 24.
b4 Be6 25. bxa5 Qxb1 26. Qxd4 Qxa2 27. Bxe3 Rb4 28. Qa7 Bh3 29. Rc1 Rb1 30. Qa8+ Kg7 31.
Bd4+ e5 32. Rxb1 Qxb1+ 33. Kh2 1-0

[Event "*** Titled Tuesday Blitz"]
[Site "Chess.com"]
[Date "2021.04.06"]
[Round "8"]
[White "profofchess"]
[Black "MarcoRiehle"]
[Result "0-1"]
[WhiteElo "2507"]
[BlackElo "2668"]
[TimeControl "180+1"]
[EndTime "11:27:24 PDT"]
[Termination "MarcoRiehle won on time"]

1. e4 e5 2. Nf3 Nf6 3. Nc3 Nc6 4. Bb5 Bc5 5. Nxe5 O-O 6. Nf3 Re8 7. d3 d5 8. O-O dxe4 9. Nxe4 Nxe4 10. dxe4 Qxd1 11.
Rxd1 Rxe4 12. Bxc6 bxc6 13. Rd8+ Bf8 14. Be3 a6 15.
Rad1 Rc4 16. c3 a5 17. h3 f6 18. Nd2 Rh4 19. Bc5 Bb7 20. Rxa8 Bxa8 21. Bxf8 Kxf8 22.
Nf3 Re4 23. Rd8+ Re8 24. Rxe8+ Kxe8 25. Nd4 Kd7 26. b4 axb4 27. cxb4 Kd6 28. Kf1 Kd5 29. Nf5 Kc4 30. Nxg7 Kxb4 31. Ne8 c5 32. Nxf6 c4 33. Ke1 Ka3 34. Kd2 Kb2 0-1

[Event "*** Titled Tuesday Blitz"]
[Site "Chess.com"]
[Date "2021.04.06"]
[Round "8"]
[White "McCarthyStone"]
[Black "Cptn2"]
[Result "0-1"]
[WhiteElo "2394"]
[BlackElo "2535"]
[TimeControl "180+1"]
[EndTime "11:27:24 PDT"]
[Termination "Cptn2 won by resignation"]

1. Nf3 Nf6 2. c4 g6 3. Nc3 Bg7 4. d4 d5 5. cxd5 Nxd5 6. e4 Nxc3 7. bxc3 O-O 8. Be3 c5 9. Be2 Nc6 10. O-O Bg4 11. d5 Ne5 12. Nxe5 Bxe2 13. Qxe2 Bxe5 14. Bxc5 Bxh2+ 15. Kxh2 Qc7+ 16. g3 Qxc5 17. Rac1 b5 18. Rfd1 Rac8 19. Kg2 Rfd8 20. Qd2 e6 21. d6 Rc6 22. Qh6 Qe5 23. Rh1 Qxe4+ 24. Kg1 Rcxd6 25. Qxh7+ Kf8 26. Qh6+ Ke8 27. Qh8+ Ke7 28. Qh4+ Qxh4 29. Rxh4 Rd1+ 30. Rxd1 Rxd1+ 31. Kg2 Ra1 32. Rb4 a6 33. Rb2 Kd6 34. Kf3 Kd5 35. Ke3 Kc4 36. Kd2 a5 37. Kc2 Rf1 0-1

[Event "*** Titled Tuesday Blitz"]
[Site "Chess.com"]
[Date "2021.04.06"]
[Round "8"]
[White "Oglob71"]
[Black "Pantata007"]
[Result "1-0"]
[WhiteElo "2384"]
[BlackElo "2258"]
[TimeControl "180+1"]
[EndTime "11:27:26 PDT"]
[Termination "Oglob71 won on time"]

1. d4 d5 2. Nf3 Nf6 3. c4 c6 4. e3 Bg4 5. h3 Bh5 6. g4 Bg6 7. Ne5 e6 8. Nc3 Nbd7 9. h4 dxc4 10. Bxc4 Nxe5 11. dxe5 Qxd1+ 12. Nxd1 Nxg4 13. h5 Bf5 14. f4 Bc5 15. Be2 Nh6 16. Rg1 g6 17. Rg5 O-O-O 18.
Nf2 f6 19. exf6 Nf7 20. Rg3 e5 21. e4 Bxf2+ 22. Kxf2 Bxe4 23. Re3 Bf5 24. fxe5 Be6 25. Bd2 Rd5 26. Bc3 Rhd8 27. Bf3 Rb5 28. hxg6 hxg6 29. Rg1 g5 30. Rh1 a6 31. Be2 Rbd5 32. Rh7 R5d7 33.
Rg7 Nxe5 34. Bxe5 Bd5 35. Bg4 1-0

[Event "*** Titled Tuesday Blitz"]
[Site "Chess.com"]
[Date "2021.04.06"]
[Round "8"]
[White "PawnEatingZombie"]
[Black "gxbg2000"]
[Result "1-0"]
[WhiteElo "2197"]
[BlackElo "2003"]
[TimeControl "180+1"]
[EndTime "11:27:30 PDT"]
[Termination "PawnEatingZombie won by checkmate"]

1. d4 Nf6 2. c4 c6 3. Nc3 d5 4.
e3 e6 5. Nf3 h6 6. Bd3 Be7 7. O-O O-O 8. e4 dxe4 9. Nxe4 Nxe4 10. Bxe4 Nd7 11. Bc2 Nf6 12. Qd3 Re8 13. Bf4 Bf8 14.
Rad1 g6 15. Rfe1 Bg7 16. Ne5 Qa5 17. a3 Qb6 18. b4 Rd8 19. Nxg6 fxg6 20. Qxg6 Re8 21.
Bxh6 Re7 22. Re3 Qc7 23. Rg3 Ne8 24. Qh7+ Kf8 25. Qh8+ Kf7 26. Bxg7 Nxg7 27. Rxg7+ Kf6 28. Qh6# 1-0

[Event "*** Titled Tuesday Blitz"]
[Site "Chess.com"]
[Date "2021.04.06"]
[Round "8"]
[White "aaaao"]
[Black "pfalcon1949"]
[Result "1-0"]
[WhiteElo "2575"]
[BlackElo "1993"]
[TimeControl "180+1"]
[EndTime "11:27:34 PDT"]
[Termination "aaaao won on time"]

1. e4 c5 2. Nf3 Nc6 3. Bb5 g6 4. O-O Bg7 5. c3 e5 6. Re1 Nge7 7. a3 O-O 8. b4 a6 9. Bf1 cxb4 10. axb4 d5 11. b5 Nb8 12. exd5 Nxd5 13.
Nxe5 Bf5 14. Qb3 Be6 15. Bc4 axb5 16. Rxa8 bxc4 17. Qxb7 Nf4 18. d4 Bd5 19. Rxb8 Qxb8 20. Qxb8 Rxb8 21. Bxf4 h5 22. h4 Rb2 23. Na3 Rb3 24. Naxc4 Rxc3 25. Ne3 Bb7 26. Rb1 Be4 27. Rb8+ Kh7 28. Nxf7 Bxd4 29. Ng5+ Kg7 30. Nxe4 Rc1+ 31. Kh2 Kf7 32. Rb7+ Ke6 33. Ng5+ 1-0

[Event "*** Titled Tuesday Blitz"]
[Site "Chess.com"]
[Date "2021.04.06"]
[Round "8"]
[White "mr_gustavo"]
[Black "sergeikim"]
[Result "0-1"]
[WhiteElo "2386"]
[BlackElo "2533"]
[TimeControl "180+1"]
[EndTime "11:27:35 PDT"]
[Termination "sergeikim won by resignation"]

1. c4 e5 2. Nc3 Nc6 3. Nf3 g6 4. e4 Bg7 5. d3 Nge7 6. g3 O-O 7. Bg2 d6 8. O-O h6 9. Ne1 f5 10. f4 exf4 11. Bxf4 g5 12. Bd2 Ne5 13. Rc1 c6 14.
b3 N5g6 15. Qh5 Be6 16. Bh3 Qd7 17. Nd5 cxd5 18. cxd5 Bf7 19. exf5 Nf4 20. Qg4 h5 21. gxf4 hxg4 22. Bxg4 Bd4+ 23. Kh1 Bxd5+ 24. Nf3 Nxf5 25.
fxg5 Ng3+ 26. hxg3 Qxg4 0-1

[Event "*** Titled Tuesday Blitz"]
[Site "Chess.com"]
[Date "2021.04.06"]
[Round "8"]
[White "Fortitudine"]
[Black "UKR_Master"]
[Result "0-1"]
[WhiteElo "2278"]
[BlackElo "2488"]
[TimeControl "180+1"]
[EndTime "11:27:35 PDT"]
[Termination "UKR_Master won on time"]

1. c4 Nf6 2. g3 c6 3. Bg2 d5 4. Nf3 g6 5. b3 Bg7 6. Bb2 O-O 7. O-O a5 8. Nc3 Ne4 9. Qc2 Bf5 10. d3 Nxc3 11. Bxc3 d4 12. Bb2 c5 13. Rad1 a4 14.
Nh4 Bc8 15. e3 Nc6 16. Nf3 e5 17. exd4 exd4 18. Bc1 Qb6 19. Bf4 Bf5 20. Nh4 Be6 21.
Rfe1 axb3 22. axb3 Ra3 23. Rb1 Rfa8 24. Nf3 Ra2 25.
Rb2 Nb4 26. Rxa2 Rxa2 27. Qb1 h6 28. Be5 Bf5 29. Bxg7 Kxg7 30. Ne5 Rd2 31. Be4 Be6 32. Nf3 Ra2 0-1

[Event "*** Titled Tuesday Blitz"]
[Site "Chess.com"]
[Date "2021.04.06"]
[Round "8"]
[White "RD4ever"]
[Black "StockholmMissile"]
[Result "1-0"]
[WhiteElo "2885"]
[BlackElo "2601"]
[TimeControl "180+1"]
[EndTime "11:27:36 PDT"]
[Termination "RD4ever won by resignation"]

1. d4 d5 2. c4 c6 3. Nf3 Nf6 4. Nc3 e6 5. e3 a6 6. c5 Nbd7 7. Bd2 g6 8. Bd3 Bg7 9. O-O Qe7 10. b4 O-O 11. Re1 e5 12. e4 dxe4 13. Nxe4 Nxe4 14.
Bxe4 f5 15. Bc2 e4 16. Bb3+ Kh8 17. Bf4 Qd8 18. Ng5 Nf6 19. Nf7+ Rxf7 20. Bxf7 Nd5 21.
Be5 Nxb4 22. Bc4 Qe7 23. Qb3 Nd5 24. Bxd5 cxd5 25. Qxd5 Be6 26. Qd6 Qf7 27. Rab1 Bxa2 28. Rb6 Bd5 29. Bxg7+ Kxg7 30. Qe5+ Kh6 31. Rf6 Qg8 32.
Rd6 Bc4 33. Re3 1-0

[Event "*** Titled Tuesday Blitz"]
[Site "Chess.com"]
[Date "2021.04.06"]
[Round "8"]
[White "AniJak"]
[Black "BanjoKazooieN64"]
[Result "1-0"]
[WhiteElo "2309"]
[BlackElo "2449"]
[TimeControl "180+1"]
[EndTime "11:27:36 PDT"]
[Termination "AniJak won by resignation"]

1. e4 e6 2. d4 d5 3. Nd2 Nf6 4. e5 Nfd7 5. Bd3 c5 6. c3 Nc6 7. Ne2 cxd4 8. cxd4 f6 9. exf6 Nxf6 10. O-O Bd6 11. Nf3 Qc7 12. Bg5 O-O 13. Rc1 a6 14. a3 Ng4 15. Ng3 Bd7 16. Bb1 Bf4 17. Qd3 g6 18. Bxf4 Qxf4 19. Rfe1 Rf6 20. h3 Nxf2 21.
Kxf2 Nxd4 22. Ne2 Qh4+ 23. g3 Qxh3 24. Qxd4 e5 25. Qxe5 Raf8 26. Nf4 Qg4 27. Qxd5+ Be6 28. Rxe6 Rxf4 29. Rxg6+ 1-0

[Event "*** Titled Tuesday Blitz"]
[Site "Chess.com"]
[Date "2021.04.06"]
[Round "8"]
[White "monikarozman"]
[Black "jraosam"]
[Result "1-0"]
[WhiteElo "2188"]
[BlackElo "1866"]
[TimeControl "180+1"]
[EndTime "11:27:36 PDT"]
[Termination "monikarozman won by resignation"]

1. d4 d5 2. c4 e6 3. Nc3 Nf6 4. cxd5 exd5 5. Bg5 c6 6. e3 h6 7. Bh4 Be7 8. Bd3 Nbd7 9. Nge2 O-O 10. Qc2 Re8 11. O-O Ne4 12. Bxe7 Qxe7 13. b4 Ndf6 14. Rab1 Bg4 15. a4 Bxe2 16. Nxe2 Nxf2 17. Rxf2 Ng4 18.
Rf3 Nxe3 19. Qd2 Nc4 20. Bxc4 dxc4 21. Ng3 Rad8 22. Rbf1 Rf8 23. Nf5 Qd7 24. Kh1 Kh8 25. Rg3 Rg8 26. Nxh6 1-0

[Event "*** Titled Tuesday Blitz"]
[Site "Chess.com"]
[Date "2021.04.06"]
[Round "8"]
[White "Joseacorrea"]
[Black "chesslh19"]
[Result "0-1"]
[WhiteElo "2078"]
[BlackElo "2238"]
[TimeControl "180+1"]
[EndTime "11:27:37 PDT"]
[Termination "chesslh19 won by resignation"]

1. c4 e6 2. Nc3 d5 3. cxd5 exd5 4.
d4 Nf6 5. Nf3 c6 6. Bf4 Bf5 7. e3 Bd6 8. Bg3 O-O 9. Bd3 Bxd3 10.
Qxd3 Bxg3 11. hxg3 Nbd7 12. Ne5 Re8 13. f4 h6 14. g4 Nxe5 15. fxe5 Nxg4 16. Ke2 Qg5 17.
Raf1 f6 18. Rf5 Qg6 19. Rhf1 Kh7 20. R1f3 fxe5 21. dxe5 Nxe5 22. Rxe5 Qxd3+ 23. Kxd3 Rxe5 24. Rf7 Rae8 25. Rxb7 Rxe3+ 26. Kc2 R3e7 27. Rb4 g5 28. g4 Kg6 29. Kb3 h5 30. gxh5+ Kxh5 31. Na4 g4 32. Nc5 g3 33. Rd4 g2 34. Rd1 Re1 0-1

[Event "*** Titled Tuesday Blitz"]
[Site "Chess.com"]
[Date "2021.04.06"]
[Round "8"]
[White "Giorno"]
[Black "grunbergmihai"]
[Result "1-0"]
[WhiteElo "2484"]
[BlackElo "2465"]
[TimeControl "180+1"]
[EndTime "11:27:38 PDT"]
[Termination "Giorno won by resignation"]

1. f4 e5 2. d3 exf4 3. Bxf4 d5 4. Nf3 Bd6 5. Qd2 Ne7 6. Nc3 O-O 7. O-O-O c5 8.
Bxd6 Qxd6 9. e4 d4 10. Ne2 Nbc6 11.
Nf4 Ng6 12. Nxg6 fxg6 13. Be2 Qf4 14. Qxf4 Rxf4 15. Kd2 Bg4 16. Rdf1 Raf8 17. Ne1 Be6 18. a3 g5 19. Rxf4 gxf4 20. Rf1 Ne5 21. c3 h6 22. cxd4 cxd4 23. Nc2 Nc6 24. b4 a6 25. a4 b5 26.
axb5 axb5 27. Ra1 Bb3 28. Ra6 Ne5 29. Nxd4 Ba4 30. Ne6 Rf6 31. d4 Ng4 32. Bxg4 1-0

[Event "*** Titled Tuesday Blitz"]
[Site "Chess.com"]
[Date "2021.04.06"]
[Round "8"]
[White "SilviusTiberius"]
[Black "Murad_Ibrahimli"]
[Result "0-1"]
[WhiteElo "2620"]
[BlackElo "2825"]
[TimeControl "180+1"]
[EndTime "11:27:39 PDT"]
[Termination "Murad_Ibrahimli won by resignation"]

1. e4 c6 2. d4 d5 3. exd5 cxd5 4. Bd3 Nc6 5. c3 Qc7 6. Ne2 Bg4 7. O-O Nf6 8. Qe1 Bxe2 9. Qxe2 e6 10. f4 Bd6 11.
g3 h5 12. Na3 a6 13. Nc2 h4 14. Ne3 hxg3 15. hxg3 O-O-O 16. Kg2 Ne4 17. Bxe4 dxe4 18. d5 exd5 19. Nxd5 Qa5 20. Rd1 f5 21. b4 Bxb4 22. cxb4 Nxb4 23. Qc4+ Kb8 24. Bd2 Qxd5 25. Qxb4 e3+ 0-1

[Event "*** Titled Tuesday Blitz"]
[Site "Chess.com"]
[Date "2021.04.06"]
[Round "8"]
[White "DamianoLew95"]
[Black "GM_Crest"]
[Result "0-1"]
[WhiteElo "2565"]
[BlackElo "2713"]
[TimeControl "180+1"]
[EndTime "11:27:39 PDT"]
[Termination "GM_Crest won by resignation"]

1. d4 d5 2. Bf4 Nf6 3. e3 e6 4. c3 Bd6 5. Bg3 c5 6. Nd2 O-O 7. Ngf3 Qc7 8. Bd3 Nbd7 9. dxc5 Nxc5 10.
Bc2 b6 11. O-O Ba6 12. Re1 Nd3 13. Bxd3 Bxd3 14. Bxd6 Qxd6 15. Nb3 Bg6 16. Qd4 Rfd8 17. Rad1 Bh5 18. Rd3 Qc7 19. Qe5 Qe7 20. Nbd2 Rac8 21. Rd4 Bg6 22. h3 Nd7 23. Qg3 Nc5 24. Nh4 e5 25. Nxg6 hxg6 26. Rg4 Nd3 27. Rb1 Qe6 28. Nf3 Rc4 29. Ng5 Qf6 30. Rxc4 dxc4 31. Ne4 Qf5 32. f3 Nc5 33. b4 Nxe4 34. fxe4 Qxe4 35. Rf1 Rd3 36. Kh2 Rxe3 37. Qg5 f6 38. Rxf6 gxf6 39. Qxf6 0-1

[Event "*** Titled Tuesday Blitz"]
[Site "Chess.com"]
[Date "2021.04.06"]
[Round "8"]
[White "Triumphmate"]
[Black "IriBu"]
[Result "0-1"]
[WhiteElo "2360"]
[BlackElo "2546"]
[TimeControl "180+1"]
[EndTime "11:27:39 PDT"]
[Termination "IriBu won by resignation"]

1. e4 c5 2. Nf3 a6 3. Nc3 d6 4.
d4 cxd4 5. Nxd4 Nf6 6. f4 e5 7.
Nf3 Nc6 8. Bd3 Be7 9. O-O O-O 10. Kh1 b5 11. a3 Bg4 12. Qe1 exf4 13. Bxf4 Bxf3 14.
Rxf3 Ne5 15. Rh3 Ng6 16. Bd2 Re8 17. Qf2 Rc8 18. Rf1 Rf8 19. Bg5 Ng4 20. Qg3 Bxg5 21. Qxg4 Bf6 22. Nd5 Bxb2 23. Qh5 h6 24. Ne3 Qg5 25. Qe2 Be5 26. Rf5 Qd8 27. Qf2 Bd4 28. Qg3 Bxe3 29. Qxe3 Re8 30. g3 Qe7 31. g4 Ne5 32. g5 g6 33. Rf6 h5 34. Qf3 Nxf3 0-1

[Event "*** Titled Tuesday Blitz"]
[Site "Chess.com"]
[Date "2021.04.06"]
[Round "8"]
[White "vugarrasulov"]
[Black "Skat2704"]
[Result "1-0"]
[WhiteElo "2865"]
[BlackElo "2635"]
[TimeControl "180+1"]
[EndTime "11:27:42 PDT"]
[Termination "vugarrasulov won by resignation"]

1. h4 d5 2. h5 e5 3. d4 exd4 4. Qxd4 c5 5. Qd1 Nf6 6. h6 g6 7. Nf3 Nc6 8. Bg5 Be7 9. Nc3 Be6 10. e3 Qd7 11. Bb5 a6 12. Ne5 Qc7 13. Bxc6+ bxc6 14. Bf4 Bd6 15. Nd3 O-O 16. Qf3 Bf5 17. Nxc5 Bxf4 18. Qxf4 Qxf4 19. exf4 Bxc2 20. Kd2 Bf5 21. f3 Nd7 22.
Nxd7 Bxd7 23. Na4 Rab8 24. b3 Bf5 25. Nc5 Rb4 26. g3 a5 27. Rhe1 Rd4+ 28. Kc3 Rb4 29. a3 d4+ 30. Kb2 Rb5 31. Rac1 Rfb8 32. Re5 Be6 33.
a4 Rb4 34. Rce1 Kf8 35. Ka3 Rxb3+ 36. Nxb3 Rxb3+ 37. Ka2 Rxf3+ 38. Kb2 Rb3+ 39. Kc1 Rxg3 40. Rxa5 Rf3 41. Ra7 Rc3+ 42. Kd2 Rh3 43. a5 Rxh6 44. a6 Rh2+ 45. Re2 Rh1 46. Rxe6 fxe6 47. Rc7 Ra1 48. a7 1-0

[Event "*** Titled Tuesday Blitz"]
[Site "Chess.com"]
[Date "2021.04.06"]
[Round "8"]
[White "Beca95"]
[Black "GregShahade"]
[Result "1-0"]
[WhiteElo "2918"]
[BlackElo "2727"]
[TimeControl "180+1"]
[EndTime "11:27:43 PDT"]
[Termination "Beca95 won on time"]

1. d4 Nf6 2. Nf3 g6 3. Bg5 Bg7 4. Nbd2 O-O 5. c3 d6 6. e3 Nbd7 7. Bd3 e5 8. O-O Qe8 9. e4 h6 10. Bh4 Nh5 11. Re1 a5 12. Bg3 Qe7 13. a4 b6 14. Qc2 Bb7 15. Bb5 Nxg3 16. hxg3 Nf6 17. Rad1 Ng4 18. Qb3 h5 19. Bf1 Bh6 20. Nc4 Qf6 21.
dxe5 dxe5 22. Rd7 Rac8 23. Nxb6 cxb6 24. Rxb7 Rc6 25. Bc4 Rd6 26. Bd5 g5 27. Rd1 Re6 28. Bxe6 fxe6 29. Rd6 Nxf2 30. Kxf2 1-0

[Event "*** Titled Tuesday Blitz"]
[Site "Chess.com"]
[Date "2021.04.06"]
[Round "8"]
[White "SirStrateg"]
[Black "Yurovskykh_Oleksandr"]
[Result "1-0"]
[WhiteElo "2646"]
[BlackElo "2532"]
[TimeControl "180+1"]
[EndTime "11:27:44 PDT"]
[Termination "SirStrateg won by resignation"]

1. d4 d5 2. Bf4 c5 3. e3 Nc6 4. c3 Bf5 5. Nd2 e6 6. Ngf3 Bd6 7. Bg3 Bxg3 8. hxg3 cxd4 9. exd4 h6 10. Qb3 Qc7 11. Bb5 Nf6 12. Qa3 Nd7 13. O-O a6 14. Rfe1 O-O-O 15. Bxc6 Qxc6 16. Qe7 Rhf8 17. Nh4 Bh7 18. a4 Qc7 19. Rac1 Nb6 20. Qa3 Kb8 21.
a5 Nc4 22. Nxc4 dxc4 23. Nf3 Rd5 24. Qxf8+ 1-0

[Event "*** Titled Tuesday Blitz"]
[Site "Chess.com"]
[Date "2021.04.06"]
[Round "8"]
[White "annamaja"]
[Black "KubaGepard"]
[Result "0-1"]
[WhiteElo "2270"]
[BlackElo "2391"]
[TimeControl "180+1"]
[EndTime "11:27:44 PDT"]
[Termination "KubaGepard won by resignation"]

1. e4 e5 2. Nf3 Nc6 3. Bc4 Bc5 4. d3 Nf6 5. O-O O-O 6. c3 a6 7. Bb3 Ba7 8. Be3 d6 9. Bxa7 Rxa7 10. Nbd2 Nh5 11.
Nxe5 Nxe5 12. Qxh5 Bg4 13. Qxg4 Nxg4 14. h3 Nf6 15. f4 a5 16. Rf3 a4 17. Bc2 c6 18. d4 Qb6 19. Nc4 Qb5 20. Bd3 Nxe4 21. Nxd6 Qxb2 22. Rb1 Qxc3 23. Nxe4 Qxd4+ 24. Kh2 b5 25. Rd1 Rd7 26. Ng5 g6 27. Ne4 Kg7 28. f5 Qe5+ 29. Ng3 Rfd8 30. f6+ Kf8 31. h4 h5 32.
Kh3 c5 33. Ne4 c4 0-1

[Event "*** Titled Tuesday Blitz"]
[Site "Chess.com"]
[Date "2021.04.06"]
[Round "8"]
[White "shaheus"]
[Black "chessmadara"]
[Result "1-0"]
[WhiteElo "2373"]
[BlackElo "2186"]
[TimeControl "180+1"]
[EndTime "11:27:44 PDT"]
[Termination "shaheus won by resignation"]

1. e4 c5 2. Nf3 d6 3. c3 Nf6 4. Qb3 g6 5. e5 dxe5 6. Nxe5 e6 7.
d4 cxd4 8. Bb5+ Bd7 9. Nxd7 Nbxd7 10. O-O Bg7 11. Rd1 O-O 12. Rxd4 Qc7 13. Rd1 Nc5 14. Qc2 a6 15. Bf1 b5 16. Nd2 Rfd8 17. Nf3 Rxd1 18. Qxd1 Rd8 19. Qc2 Nce4 20. Be3 Qd6 21.
Bd4 h6 22. Re1 Ng5 23. Nxg5 hxg5 24. a4 b4 25. Qe2 bxc3 26. Bxc3 a5 27. Bxa5 Nd5 28.
Bxd8 1-0

[Event "*** Titled Tuesday Blitz"]
[Site "Chess.com"]
[Date "2021.04.06"]
[Round "8"]
[White "MusicCityMaster"]
[Black "TedBelanoff"]
[Result "1-0"]
[WhiteElo "2381"]
[BlackElo "2108"]
[TimeControl "180+1"]
[EndTime "11:27:46 PDT"]
[Termination "MusicCityMaster won by resignation"]

1. d4 Nf6 2. c4 g6 3. Nc3 d5 4.
Bf4 Bg7 5. Rc1 c6 6. e3 O-O 7.
Nf3 Nbd7 8. cxd5 Nxd5 9. Nxd5 cxd5 10. Be2 Qa5+ 11. Qd2 Qxa2 12. O-O Qb3 13. Rc7 Qb6 14. Rfc1 Nf6 15. Rxe7 Ne4 16. Qc2 Bf5 17. Bd3 Rac8 18. Qb1 Bf6 19. Rec7 Rxc7 20. Bxc7 Qb3 21. Bf4 Rd8 22.
h3 b5 23. g4 Be6 24. Bxe4 dxe4 25. Nd2 Qa4 26. Nxe4 Be7 27. Nc5 Bxc5 28. Rxc5 a5 29. Bh6 Qb4 30. Qe4 Qe1+ 31. Kg2 Bc8 32. Qe5 Bb7+ 33. d5 1-0

[Event "*** Titled Tuesday Blitz"]
[Site "Chess.com"]
[Date "2021.04.06"]
[Round "8"]
[White "atwalcb"]
[Black "Romadk"]
[Result "1-0"]
[WhiteElo "2472"]
[BlackElo "2346"]
[TimeControl "180+1"]
[EndTime "11:27:48 PDT"]
[Termination "atwalcb won by resignation"]

1. d4 Nf6 2. Bg5 e6 3. e4 h6 4.
Bxf6 Qxf6 5. c3 d6 6. Bd3 Nc6 7. Ne2 e5 8. d5 Ne7 9. Nd2 Ng6 10. Bb5+ Bd7 11. Bxd7+ Kxd7 12. Qa4+ Kd8 13. Ng3 Nf4 14. O-O-O Nd3+ 15. Kb1 Nc5 16. Qc4 Qxf2 17. Rhf1 Qxg2 18.
Rxf7 Be7 19. Nf5 Bf6 20. b4 Na6 21. Qb5 Kc8 22. Qd7+ Kb8 23. b5 Qe2 24. Kc2 Rc8 25.
Nxd6 Rd8 26. Rxf6 Nb4+ 27. cxb4 1-0

[Event "*** Titled Tuesday Blitz"]
[Site "Chess.com"]
[Date "2021.04.06"]
[Round "8"]
[White "bilelou"]
[Black "RobertoJBM"]
[Result "0-1"]
[WhiteElo "2577"]
[BlackElo "2705"]
[TimeControl "180+1"]
[EndTime "11:27:51 PDT"]
[Termination "RobertoJBM won on time"]

1. d4 d5 2. c4 c6 3. Nc3 Nf6 4. Nf3 dxc4 5. g3 b5 6. Bg2 Bb7 7. Ne5 a6 8. O-O e6 9. a4 Nd5 10. e4 Nxc3 11. bxc3 Nd7 12. Nxd7 Qxd7 13. Qg4 g6 14. h4 h5 15. Qf3 Bg7 16. Ba3 O-O-O 17. Bc5 f5 18. e5 Bf8 19. Bb6 Be7 20. axb5 cxb5 21. Rxa6 Bxf3 22. Bxf3 Qb7 23. Bxb7+ Kxb7 24. Bxd8 Bxd8 25. Rxe6 b4 0-1